AoeStats
← 大象钻树林

Black Forest

510523229Analyzed
4v4 RM · 2d ago on Oct 1, 2026· 39m 23s· 8 players
Game mode
Random Map
Map size
Large (8 player)
Population
200
Speed
Normal
Resources
Standard
Victory
Conquest
Starting age
Dark Age
Ending age
Imperial Age
RankedLock teamsTeams togetherTeam positionsShared explorationLock speedFull tech treeHidden civsTurbo modeCheats
Victory
Defeat
🇨🇳 Bohemians · China
1146
+13
🇨🇳 Lithuanians · China
1143
+13
🇩🇪 Vietnamese · Germany
1125
+14
🇨🇳 Khmer · China
1110
+15
🇧🇷 Byzantines · Brazil
1125
-16
🇺🇦 Bohemians · Ukraine
1067
-13
🇧🇪 Portuguese · Belgium
1065
-13
🇬🇧 Japanese · United Kingdom
1065
-13
大象钻树林
10:17 Feudal Age
13:45 Castle Age
12:18 Double-Bit Axe
16:34 Wheelbarrow
22:54 Hand Cart
22:44 Stone Mining
22:57 Horse Collar
24:43 Stone Shaft Mining
24:42 Heavy Plow
25:47 Bow Saw
26:42 Gold Mining
28:25 Gold Shaft Mining
31:54 Imperial Age
33:37 Chemistry
32:33 Murder Holes
32:59 Ballistics
32:49 Fortified Wall
33:14 Elite Ballista Elephant
34:01 Husbandry
34:12 Bloodlines
35:44 Double Crossbow
37:18 Husbandry
37:29 Bloodlines
38:13 Conscription
38:29 Hoardings
38:11 Masonry
38:06 Siege Engineers
38:10 Scale Barding Armor
38:15 Forging
39:55 Architecture
FBM
0:41 Loom
13:28 Feudal Age
15:06 Double-Bit Axe
18:23 Castle Age
16:48 Forging
17:26 Scale Mail Armor
17:21 Gold Mining
17:39 Horse Collar
21:54 Arson
23:21 Chain Mail Armor
25:23 Iron Casting
35:14 Man-at-Arms
37:53 Stone Mining
39:31 Fletching
39:42 Padded Archer Armor
涛哥
0:28 Loom
12:04 Feudal Age
15:58 Castle Age
15:40 Double-Bit Axe
21:15 Horse Collar
26:13 Wheelbarrow
29:53 Imperial Age
27:38 Scale Barding Armor
27:33 Scale Mail Armor
27:59 Husbandry
28:12 Bloodlines
28:49 Gold Mining
28:49 Stone Mining
29:15 Forging
30:41 Chain Barding Armor
30:36 Chain Mail Armor
30:59 Iron Casting
31:31 Conscription
31:33 Bow Saw
32:03 Plate Barding Armor
32:03 Ballistics
33:34 Heavy Plow
37:13 Hand Cart
37:16 Masonry
38:10 Chemistry
39:14 Two-Man Saw
38:54 Elite Leitis
转世
10:55 Feudal Age
14:47 Castle Age
13:10 Double-Bit Axe
13:21 Horse Collar
13:50 Loom
24:05 Bow Saw
24:03 Heavy Plow
26:22 Fervor
29:51 Imperial Age
28:10 Wheelbarrow
27:37 Fletching
27:48 Padded Archer Armor
29:04 Chemistry
29:40 Bodkin Arrow
30:01 Leather Archer Armor
29:55 Wagenburg Tactics
29:36 Pikeman
30:17 Squires
30:02 Arson
30:34 Hand Cart
30:56 Coinage
30:27 Caravan
30:30 Scale Mail Armor
30:41 Forging
30:26 Houfnice
32:03 Conscription
32:17 Ballistics
32:10 Halberdier
33:21 Siege Engineers
33:34 Bracer
34:04 Ring Archer Armor
34:10 Iron Casting
33:50 Chain Mail Armor
34:39 Two-Man Saw
40:15 Banking
Saeer
0:28 Loom
13:32 Feudal Age
17:42 Town Watch
20:21 Castle Age
19:57 Wheelbarrow
19:37 Double-Bit Axe
22:08 Fervor
31:35 Hand Cart
31:45 Horse Collar
37:00 Imperial Age
House of Bebu
11:20 Feudal Age
15:17 Castle Age
13:18 Double-Bit Axe
13:52 Horse Collar
16:48 Bow Saw
17:05 Heavy Plow
22:55 Wheelbarrow
23:26 Stone Mining
25:07 Gold Mining
25:30 Forging
25:21 Scale Mail Armor
26:14 Hand Cart
25:45 Loom
27:01 Iron Casting
27:39 Chain Mail Armor
27:31 Squires
27:17 Arson
28:36 Gold Shaft Mining
32:16 Imperial Age
30:57 Pikeman
31:33 Fletching
32:58 Yasama
33:39 Kataparuto
32:40 Elite Samurai
33:41 Conscription
33:58 Hoardings
34:40 Blast Furnace
34:10 Plate Mail Armor
33:36 Bodkin Arrow
34:09 Conscription
34:18 Guard Tower
34:53 Fortified Wall
35:44 Chemistry
34:41 Murder Holes
Kolbaskin
10:44 Feudal Age
14:27 Castle Age
12:31 Double-Bit Axe
15:56 Horse Collar
17:05 Bow Saw
22:29 Heavy Plow
24:21 Wheelbarrow
28:42 Imperial Age
26:31 Hand Cart
26:02 Loom
26:03 Town Watch
28:06 Chemistry
27:27 Ballistics
27:48 Husbandry
28:19 Town Patrol
28:18 Man-at-Arms
29:35 Fletching
29:45 Padded Archer Armor
29:56 Forging
29:52 Scale Barding Armor
29:53 Squires
29:38 Arson
30:24 Long Swordsman
31:51 Houfnice
32:09 Two-Handed Swordsman
33:31 Iron Casting
32:51 Bodkin Arrow
33:12 Leather Archer Armor
33:17 Chain Barding Armor
32:59 Scale Mail Armor
35:27 Heavy Scorpion
andre.luizmg
0:52 Loom
12:15 Feudal Age
17:05 Castle Age
15:19 Double-Bit Axe
17:04 Horse Collar
18:33 Heavy Plow
25:19 Scale Barding Armor
33:47 Gold Mining
36:18 Chain Barding Armor
38:01 Forging
39:40 Wheelbarrow
42:05 Imperial Age
Connection lost

Rejoining the realm…

Still unreachable

The connection could not be restored.

Session expired

The server has moved on; the page needs a fresh start.